AoeStats
← Armistice

Arena

510769734Analyzed
3v3 RM · 9h ago on Oct 2, 2026· 56m 41s· 6 players
Game mode
Random Map
Map size
Normal (6 player)
Population
200
Speed
Normal
Resources
Standard
Victory
Conquest
Starting age
Dark Age
Ending age
Imperial Age
RankedLock teamsTeams togetherTeam positionsShared explorationLock speedFull tech treeHidden civsTurbo modeCheats
Victory
Defeat
🇮🇪 Burgundians · Ireland
869
+15
🇬🇧 Tupi · United Kingdom
868
+15
🇬🇧 Ethiopians · United Kingdom
867
+15
🇦🇺 Goths · Australia
865
-16
🇺🇸 Inca · United States
852
-15
🇺🇸 Danes · United States
822
-14
swirlygig
3:21 Loom
11:10 Feudal Age
15:45 Castle Age
15:09 Horse Collar
15:17 Double-Bit Axe
19:16 Fervor
22:11 Wheelbarrow
22:16 Bow Saw
22:29 Loom
23:25 Stone Mining
25:19 Stone Shaft Mining
25:53 Hand Cart
25:55 Fletching
28:35 Ballistics
28:13 Bodkin Arrow
28:21 Squires
28:43 Gambesons
30:40 Heavy Plow
31:50 Gold Mining
31:42 Hamask
37:19 Forging
37:10 Scale Mail Armor
40:13 Imperial Age
39:21 Iron Casting
39:19 Elite Skirmisher
40:05 Thumb Ring
40:34 Heavy Scorpion
41:25 Northmen's Fury
43:19 Blast Furnace
43:55 Chemistry
42:45 Arrowslits
43:47 Elite Jomsviking
47:08 Bracer
46:52 Pikeman
48:44 Halberdier
50:08 Chain Mail Armor
51:10 Onager
51:28 Onager
53:02 Masonry
Wallace
11:57 Feudal Age
17:53 Castle Age
16:44 Horse Collar
16:50 Double-Bit Axe
17:00 Stone Mining
17:02 Gold Mining
24:00 Heavy Plow
24:12 Bow Saw
24:38 Gold Shaft Mining
24:39 Stone Shaft Mining
25:11 Fortified Wall
25:12 Careening
25:01 Murder Holes
25:20 Forging
25:01 Fletching
27:44 Treadmill Crane
31:26 Imperial Age
30:46 Iron Casting
30:13 Scale Mail Armor
33:07 Heated Shot
33:40 Ballistics
34:23 Blast Furnace
33:38 Chain Mail Armor
33:19 Bodkin Arrow
33:24 Padded Archer Armor
33:43 Loom
34:14 Fabric Shields
35:28 Conscription
35:00 Elite Skirmisher
36:42 Thumb Ring
36:41 Bracer
40:07 Leather Archer Armor
40:59 Pikeman
49:23 Champi Runner
50:08 Squires
54:35 Wheelbarrow
Pukinskis
0:56 Loom
11:23 Feudal Age
12:08 Double-Bit Axe
16:28 Castle Age
14:37 Horse Collar
18:03 Bow Saw
18:51 Heavy Plow
20:19 Gold Mining
21:18 Wheelbarrow
23:25 Stone Mining
27:22 Stone Shaft Mining
26:35 Man-at-Arms
30:49 Imperial Age
30:48 Forging
30:50 Town Watch
31:27 Hand Cart
32:34 Two-Man Saw
32:30 Conscription
32:50 Fletching
34:09 Anarchy
38:00 Iron Casting
37:26 Scale Mail Armor
36:50 Pikeman
39:26 Elite Huskarl
40:18 Squires
40:23 Halberdier
41:06 Elite Skirmisher
41:44 Bodkin Arrow
41:49 Padded Archer Armor
42:08 Chain Mail Armor
46:30 Guilds
51:09 Blast Furnace
50:10 Bracer
50:25 Leather Archer Armor
52:05 Caravan
57:01 Ballistics
57:42 Chemistry
Maigh Nuad Warrior
4:26 Loom
15:04 Feudal Age
15:51 Horse Collar
15:58 Double-Bit Axe
16:04 Gold Mining
17:09 Bow Saw
20:47 Castle Age
19:41 Padded Archer Armor
19:50 Scale Barding Armor
19:44 Stone Mining
20:43 Forging
28:56 Heavy Plow
30:06 Two-Man Saw
29:53 Gold Shaft Mining
32:09 Imperial Age
30:17 Fortified Wall
30:04 Murder Holes
29:55 Treadmill Crane
30:18 Town Watch
31:15 Crop Rotation
31:25 Stone Shaft Mining
31:09 Leather Archer Armor
31:40 Ballistics
32:36 Burgundian Vineyards
32:56 Chain Barding Armor
33:12 Iron Casting
34:02 Chemistry
33:14 Masonry
33:55 Conscription
34:13 Hoardings
33:46 Town Watch
34:37 Wheelbarrow
34:40 Plate Barding Armor
34:44 Town Patrol
36:42 Blast Furnace
35:53 Elite Coustillier
38:44 Hand Cart
Kissing Stone
3:19 Loom
11:00 Feudal Age
17:52 Castle Age
17:01 Forging
16:52 Scale Mail Armor
16:40 Horse Collar
16:48 Double-Bit Axe
16:38 Champi Runner
17:51 Scale Mail Armor
17:44 Stone Mining
18:50 Wheelbarrow
19:59 Iron Casting
21:21 Bow Saw
22:12 Heavy Plow
32:27 Imperial Age
30:15 Hand Cart
29:51 Town Watch
30:10 Champi Warrior
30:52 Squires
30:37 Arson
30:13 Pikeman
31:09 Gold Mining
31:12 Fletching
31:23 Padded Archer Armor
31:39 Chain Mail Armor
32:23 Bodkin Arrow
34:34 Elite Champi Warrior
35:17 Bracer
35:34 Leather Archer Armor
37:49 Ring Archer Armor
37:50 Plate Mail Armor
40:22 Conscription
41:48 Caciques
43:04 Elite Skirmisher
43:48 Halberdier
55:56 Elite Ibirapema Warrior
56:38 Murder Holes
56:23 Treadmill Crane
56:27 Capped Ram
Armistice
3:49 Loom
12:02 Feudal Age
16:48 Castle Age
15:30 Double-Bit Axe
16:51 Fletching
17:48 Town Watch
22:12 Horse Collar
23:07 Gold Mining
25:37 Bow Saw
26:09 Heavy Plow
26:02 Crossbowman
31:31 Imperial Age
29:37 Padded Archer Armor
29:33 Bodkin Arrow
30:27 Thumb Ring
31:37 Royal Heirs
31:51 Murder Holes
33:00 Wheelbarrow
32:26 Town Patrol
33:23 Conscription
33:51 Leather Archer Armor
34:20 Ballistics
34:13 Masonry
34:06 Arbalester
35:31 Bracer
39:55 Chemistry
39:26 Architecture
38:21 Elite Skirmisher
39:48 Hand Cart
40:11 Gold Shaft Mining
40:28 Scale Mail Armor
40:38 Forging
41:01 Ring Archer Armor
45:08 Capped Ram
47:48 Siege Ram
54:02 Fortified Wall
Connection lost

Rejoining the realm…

Still unreachable

The connection could not be restored.

Session expired

The server has moved on; the page needs a fresh start.